 Dungeon Crawl Stone Soup version 0.23.1 (webtiles) character file.

Game seed: 4100862779522428224

970 Borgoz the Cutter (level 8, -3/67 HPs)
             Began as a Ghoul Monk on Mar 17, 2019.
             Was a Believer of Ashenzari.
             Splashed by a jelly's acid (5 damage)
             ... on level 6 of the Dungeon.
             The game lasted 00:17:27 (6355 turns).

Borgoz the Cutter (Ghoul Monk)                      Turns: 6355, Time: 00:17:27

Health: -3/67      AC: -6    Str: 15    XL:     8   Next: 16%
Magic:  7/7        EV: 16    Int:  7    God:    Ashenzari [**....]
Gold:   344        SH:  0    Dex: 11    Spells: 7/7 levels left

rFire    + . .     SeeInvis .   a - +0 short sword
rCold    + . .     Gourm    .   (no shield)
rNeg     + + +     Faith    .   f - +0 ring mail
rPois    ∞         Spirit   .   (no helmet)
rElec    .         Reflect  .   (no cloak)
rCorr    .         Harm     .   q - +0 pair of gloves
MR       .....                  t - +1 pair of boots
Stlth    ++........             (no amulet)
HPRegen  0.00/turn              u - ring of protection from fire
MPRegen  0.10/turn              d - +4 ring of evasion

@: corroded, rotting
A: rotting body, claws 1, carnivore, cold resistance 1, negative energy
resistance 3, inhibited regeneration, torment resistance, unbreathing
a: Curse Item, Scrying, Renounce Religion


You were on level 6 of the Dungeon.
You worshipped Ashenzari.
Ashenzari was pleased with you.
You were not hungry.

You visited 2 branches of the dungeon, and saw 7 of its levels.
You also visited: Sewer.

You collected 344 gold pieces.

Inventory:

Hand Weapons
 a - a +0 short sword (weapon)
Missiles
 o - 6 tomahawks of returning (quivered)
 s - 7 tomahawks
Armour
 f - a +0 ring mail (worn)
 q - a +0 pair of gloves (worn)
 t - a +1 pair of boots (worn)
Jewellery
 d - a +4 ring of evasion (right hand)
 u - a ring of protection from fire (left hand)
Scrolls
 b - a scroll of enchant armour {unknown}
 e - 3 scrolls of fear
 g - a scroll of fog {unknown}
 h - 3 scrolls of remove curse
 i - 4 scrolls of teleportation
 p - a scroll of noise {unknown}
 w - 2 scrolls of magic mapping {unknown}
Potions
 j - 3 potions of might
 k - a potion of agility
 l - 2 potions of haste {unknown}
 m - 2 potions of curing
 r - 3 potions of brilliance
 v - a potion of berserk rage {unknown}
 x - a potion of cancellation {unknown}
Comestibles
 c - 12 rations
 n - 2 chunks of flesh


   Skills:
 + Level 4.7 Fighting
 * Level 5.0 Short Blades
 * Level 3.8 Armour
 * Level 5.0 Dodging
 + Level 4.3 Stealth


You had 7 spell levels left.
You didn't know any spells.
Your spell library was empty.

Dungeon Overview and Level Annotations

Branches:
Dungeon (6/15)             Temple (1/1) D:5

Altars:
Ashenzari
Dithmenos
Elyvilon
Fedhas
Gozag
Hepliaklqana
Kikubaaqudgha
Makhleb
Nemelex Xobeh
Qazlal
Ru
Sif Muna
Trog
Uskayaw
Vehumet
Wu Jian
Xom
Yredelemnul
Zin
The Shining One


Innate Abilities, Weirdness & Mutations

Your body is rotting away.
You thrive on raw meat.
You are immune to poison.
You have sharp fingernails.
You are carnivorous and can eat meat at any time.
Your flesh is cold resistant. (rC+)
You are immune to negative energy. (rN+++)
You do not regenerate when monsters are visible.
You are immune to unholy pain and torment.
You can survive without breathing.


Message History

You hit the jelly but do no damage.
Your hands burn!
* * * LOW HITPOINT WARNING * * *
The jelly is almost dead.
The jelly hits you.
* * * LOW HITPOINT WARNING * * *
The acid corrodes you!
You are splashed with acid!
* * * LOW HITPOINT WARNING * * *
You hit the jelly but do no damage.
Your hands burn!
* * * LOW HITPOINT WARNING * * *
The jelly is almost dead.
The jelly misses you.
You hit the jelly but do no damage. The acid corrodes you!
Your hands burn!
* * * LOW HITPOINT WARNING * * *
The jelly is almost dead.
You hit the jelly but do no damage.
Your hands burn!
* * * LOW HITPOINT WARNING * * *
The jelly is almost dead.
The jelly completely misses you.
You hit the jelly.
Your hands burn!
You die...

#####################
................@J..#
###################.#
* * * ** * , , ≈≈ *
≈≈≈ , * * ≈, , , , ,
* ,, , * , , ≈ *


You could see a jelly.

Vanquished Creatures
  An ice beast (D:5)
  4 ogres
  3 crimson imps
  A hound (D:5)
  A jelly (D:5)
  An iguana (D:4)
  3 worker ants
  3 orc wizards
  A hound skeleton (D:4)
  A worker ant zombie (D:5)
  A howler monkey skeleton (D:5)
  8 adders
  2 dart slugs
  4 leopard geckos (D:4)
  9 orcs
  9 ball pythons
  7 bats
  7 giant cockroaches
  7 goblins
  5 hobgoblins
  16 jackals
  A ball python skeleton (D:4)
  3 frilled lizards
  5 kobolds
  A quokka zombie (D:6)
  4 rats
  2 plants (Sewer)
110 creatures vanquished.

Notes
Turn   | Place    | Note
-------+----------+-------------------------------------------
     0 | D:1      | Borgoz the Ghoul Monk began the quest for the Orb.
     0 | D:1      | Reached XP level 1. HP: 19/19 MP: 0/0
   305 | D:1      | Reached XP level 2. HP: 26/26 MP: 1/1
   899 | D:2      | Reached skill level 1 in Armour
   899 | D:2      | Reached XP level 3. HP: 16/31 MP: 2/2
  1170 | D:2      | Found a blossoming altar of Fedhas.
  1171 | D:2      | Found a deep blue altar of Sif Muna.
  1981 | D:3      | Reached XP level 4. HP: 37/37 MP: 3/3
  2236 | D:3      | Found a basalt altar of Yredelemnul.
  2617 | D:4      | Found a glowing drain.
  2640 | Sewer    | Entered a sewer
  3028 | Sewer    | Reached XP level 5. HP: 23/45 MP: 4/4
  3617 | D:4      | Found a glowing golden altar of the Shining One.
  3774 | D:4      | Noticed an ogre
  3795 | D:4      | Killed an ogre
  3795 | D:4      | Reached XP level 6. HP: 20/52 MP: 5/5
  4431 | D:5      | Entered Level 5 of the Dungeon
  4451 | D:5      | Found a hide-covered altar of Uskayaw.
  4479 | D:5      | Reached XP level 7. HP: 31/59 MP: 6/6
  4805 | D:5      | Found a staircase to the Ecumenical Temple.
  4827 | Temple   | Entered the Ecumenical Temple
  5006 | Temple   | Became a worshipper of Ashenzari the Shackled
  5006 | Temple   | Reached * piety under Ashenzari
  5006 | Temple   | Reached ** piety under Ashenzari
  5855 | D:5      | Found an ornate altar of the Wu Jian Council.
  5871 | D:5      | Found a bloodstained altar of Trog.
  6171 | D:6      | Reached XP level 8. HP: 51/66 MP: 7/7
  6190 | D:6      | Reached skill level 5 in Short Blades
  6190 | D:6      | Reached skill level 5 in Dodging
  6354 | D:6      | HP: 2/67 [acid (4)]
  6355 | D:6      | Splashed by a jelly's acid

Skill      XL: |  1  2  3  4  5  6  7  8 |
---------------+-------------------------+-----
Short Blades   | 3 4 5 |  5.0
Armour         | 1 2 3 |  3.8
Dodging        | 3 4 5 |  5.0
Stealth        | 3 4 |  4.3
Fighting       | 4 |  4.7

Action                   |  1- 3 |  4- 6 |  7- 9 || total
-------------------------+-------+-------+-------++-------
Melee: Short sword       |   103 |   552 |   285 ||   940
Throw: Tomahawk          |       |     2 |       ||     2
  Use: Potion            |       |     4 |     4 ||     8
       Scroll            |       |     3 |     4 ||     7
 Stab: Sleeping          |     6 |     1 |       ||     7
  Eat: Chunk             |     8 |    29 |    10 ||    47
Armor: Robe              |    12 |       |       ||    12
       Ring mail         |       |   149 |    70 ||   219
Dodge: Dodged            |    61 |   246 |   149 ||   456
